 Dungeon Sprint DCSS version 0.20-a0-1020-g7b9e4fe (webtiles) character file.

30800000 Krakonus1 the Formicid Barricade (level 27, -5/249 HPs)
             Began as a Formicid Fighter on Apr 19, 2017.
             Was the Champion of Makhleb.
             Slain by a vile
             ... wielding a cursed -1 flail
              (106 damage)
             ... in the Dungeon (Sprint VIII: "Arena of Blood").
             The game lasted 00:07:46 (308 turns).

Krakonus1 the Formicid Barricade (Formicid Fighter)  Turns: 308, Time: 00:07:46

Health: -5/249     AC: 13    Str: 23    XL:     27
Magic:  54/54      EV: 32    Int: 10    God:    Makhleb [******]
Gold:   0          SH: 19    Dex: 19    Spells: 80/80 levels left

rFire    . . .     SeeInvis +   k - +∞ Axe of Woe
rCold    . . .     Gourm    .   b - +0 shield
rNeg     . . .     Faith    .   a - +0 scale mail
rPois    .         Spirit   .   (helmet unavailable)
rElec    .         Reflect  .   (no cloak)
rCorr    .         Harm     .   (no gloves)
MR       ++...                  (no boots)
Stlth    ++++++++..             (no amulet)
Regen    0.6/turn               (no ring)
MPRegen  0.4/turn               (no ring)

@: no status effects
A: permanent stasis, dig shafts and tunnels, four strong arms, antennae 3
a: Dig, Minor Destruction, Lesser Servant of Makhleb, Major Destruction, Greater
Servant of Makhleb, Renounce Religion


You were in the Dungeon.
You worshipped Makhleb.
Makhleb was exalted by your worship.
You were not hungry.

You visited 1 branch

Inventory:

Hand Weapons
 k - the +∞ Axe of Woe (weapon)
   (You found it in the Dungeon)
Armour
 a - a +0 scale mail (worn)
 b - a +0 shield (worn)
Jewellery
 d - a +30 ring of slaying
 l - a +30 ring of slaying
 m - a +30 ring of slaying
 n - a +30 ring of slaying
 o - a +30 ring of slaying
Scrolls
 j - a scroll of blinking
Potions
 c - a potion of might
 e - a potion of curing
 f - a potion of heal wounds
 g - a potion of haste
 h - 2 potions of magic
 i - a potion of berserk rage


   Skills:
 O Level 27 Fighting
 O Level 27 Axes
 O Level 27 Throwing
 O Level 27 Armour
 O Level 27 Dodging
 O Level 27 Stealth
 O Level 27 Shields
 O Level 27 Unarmed Combat
 O Level 27 Spellcasting
 O Level 27 Invocations


You had 80 spell levels left.
You didn't know any spells.

Dungeon Overview and Level Annotations

Branches:
Dungeon (1/1)

Altars:
Makhleb

Annotations:
D The Servant


Innate Abilities, Weirdness & Mutations

You cannot be hasted, slowed, berserked, paralysed or teleported.
You can dig through walls and to a lower floor.
Your four strong arms can wield two-handed weapons with a shield.
You have a pair of large antennae on your head. (SInv)


Message History

The dread calls on the powers of darkness!
The observer convulses!
The observer turns its gaze towards you.
The scourge convulses!
The scourge hisses angrily.
The eight-headed meat hydra convulses!
The eight-headed meat hydra roars!
Your body is wracked with pain!
You hear a shout!
The observer gazes at you. Something smites you!
You hear a shout! x5
You hear a shout! x15
You hear a shout! x9
Some rock shatters into small pieces.
You hear a shout! x3
A sea snake and a wraith come into view.
You hear a shout! x2
The vile hits you with a flail!
You are engulfed in flames!!!!
You die...

##....O... #. ..X##.#DGX)
#..###.... ##{ .{.G...W§X
####.# . ....####.WO.#OS)
##.#..# #.....W.{O..o...
##.#.#.# #..S{oX.2))).
##.#..#.# #W.##{......)o
##.#.##..#
##..##{#########
#.#)####.#########)G##.##
.#.## ##.......@9S.#.##
#.## ##.#.#)#.D##.## )##
######..###.# #.##
#..###.## ##.## ###
#.############## ##.##
##.##........... ##.##
##)#.▓▓▓▓▓▓▓▓▓▓ ##.## ###
##..▓ ##.###.## ##)▓


You could see an eight-headed meat hydra, an observer (invisible), 2 scourges, 2
dreads and a vile.

Vanquished Creatures
  A hell beast (D)
  5 vampire knights (D)
  20 ogres (D)
  4 two-headed ogres (D)
  34 orcs (D)
  A small abomination (D)
  2 crawling corpses (D)
67 creatures vanquished.

Vanquished Creatures (others)
  4 crawling corpses (D)
4 creatures vanquished.

Grand Total: 71 creatures vanquished

Notes
Turn   | Place    | Note
-------+----------+-------------------------------------------
     0 | D        | Krakonus1 the Formicid Fighter began the quest for the Orb.
     0 | D        | Reached XP level 1. HP: 18/18 MP: 1/1
     3 | D        | Noticed a bag of meat
     3 | D        | Noticed a meat berserker
     4 | D        | Became a worshipper of Makhleb the Destroyer
     5 | D        | Noticed a meat berserker
     5 | D        | Noticed a bag of meat
     6 | D        | Noticed a bag of meat
     6 | D        | Killed a meat berserker
     6 | D        | Reached skill level 5 in Axes
     6 | D        | Reached XP level 2. HP: 51/51 MP: 2/2
     6 | D        | Reached XP level 3. HP: 58/58 MP: 3/3
     6 | D        | Reached XP level 4. HP: 65/65 MP: 4/4
     6 | D        | Reached XP level 5. HP: 72/72 MP: 5/5
     6 | D        | Reached XP level 6. HP: 79/79 MP: 6/6
     6 | D        | Reached XP level 7. HP: 85/85 MP: 7/7
     6 | D        | Reached XP level 8. HP: 93/93 MP: 8/8
     6 | D        | Reached XP level 9. HP: 99/99 MP: 9/9
     6 | D        | Reached XP level 10. HP: 107/107 MP: 10/10
     6 | D        | Reached XP level 11. HP: 113/113 MP: 11/11
     6 | D        | Reached XP level 12. HP: 120/120 MP: 12/12
     6 | D        | Reached XP level 13. HP: 127/127 MP: 13/13
     7 | D        | Noticed a bag of meat
     7 | D        | Noticed a bag of meat
     7 | D        | Noticed a bag of meat
     7 | D        | Noticed a bag of meat
     7 | D        | Noticed a bag of meat
     7 | D        | Noticed a meat berserker
     7 | D        | Noticed a meat berserker
     7 | D        | Noticed a bag of meat
     8 | D        | Noticed a bag of meat
     8 | D        | Noticed a bag of meat
     8 | D        | Killed a meat berserker
     8 | D        | Reached * piety under Makhleb
     8 | D        | Reached XP level 14. HP: 141/141 MP: 14/14
     8 | D        | Reached XP level 15. HP: 148/148 MP: 15/15
     8 | D        | Reached XP level 16. HP: 161/161 MP: 16/16
     9 | D        | Killed a meat berserker
     9 | D        | Reached ** piety under Makhleb
     9 | D        | Reached skill level 27 in Shields
     9 | D        | Reached skill level 27 in Fighting
     9 | D        | Reached skill level 27 in Armour
     9 | D        | Reached skill level 15 in Unarmed Combat
     9 | D        | Reached XP level 17. HP: 174/174 MP: 17/17
     9 | D        | Killed a meat berserker
     9 | D        | Reached XP level 18. HP: 182/182 MP: 18/18
    10 | D        | Noticed a meat berserker
    10 | D        | Reached *** piety under Makhleb
    11 | D        | Reached skill level 27 in Axes
    11 | D        | Reached XP level 19. HP: 189/189 MP: 19/19
    12 | D        | Reached **** piety under Makhleb
    13 | D        | Reached skill level 27 in Unarmed Combat
    13 | D        | Reached XP level 20. HP: 197/197 MP: 19/29
    15 | D        | Noticed a meat berserker
    16 | D        | Killed a meat berserker
    16 | D        | Reached ***** piety under Makhleb
    16 | D        | Reached skill level 15 in Invocations
    16 | D        | Reached XP level 21. HP: 204/204 MP: 19/39
    17 | D        | Reached skill level 15 in Throwing
    17 | D        | Reached skill level 15 in Spellcasting
    17 | D        | Reached skill level 15 in Dodging
    20 | D        | Noticed a meat berserker
    20 | D        | Noticed a large bag of meat
    21 | D        | Noticed a meat berserker
    21 | D        | Noticed a meat berserker
    21 | D        | Killed a meat berserker
    21 | D        | Reached XP level 22. HP: 212/212 MP: 20/46
    21 | D        | Reached ****** piety under Makhleb
    24 | D        | Noticed a meat berserker
    25 | D        | Killed a meat berserker
    25 | D        | Reached skill level 27 in Stealth
    25 | D        | Reached XP level 23. HP: 219/219 MP: 21/50
    25 | D        | Reached skill level 27 in Invocations
    26 | D        | Noticed a large bag of meat
    28 | D        | Noticed a large bag of meat
    28 | D        | Reached skill level 27 in Throwing
    28 | D        | Reached skill level 27 in Spellcasting
    28 | D        | Reached XP level 24. HP: 227/227 MP: 22/54
    28 | D        | Reached skill level 27 in Dodging
    30 | D        | Noticed The Servant
    30 | D        | Noticed a destroyer
    30 | D        | Noticed a large bag of meat
    31 | D        | Noticed a destroyer
    33 | D        | Killed a large bag of meat
    33 | D        | Reached XP level 25. HP: 234/234 MP: 24/54
    34 | D        | Killed a destroyer
    35 | D        | Noticed a destroyer
    35 | D        | Reached XP level 26. HP: 242/242 MP: 24/54
    37 | D        | Noticed a destroyer
    37 | D        | Killed a destroyer
    37 | D        | Reached XP level 27. HP: 249/249 MP: 25/54
    37 | D        | Killed a large bag of meat
    37 | D        | Killed a large bag of meat
    40 | D        | Noticed a destroyer
    40 | D        | Killed a large bag of meat
    41 | D        | Killed a destroyer
    48 | D        | Killed a destroyer
    50 | D        | Killed a destroyer
    52 | D        | Noticed an accursed
    89 | D        | Noticed a meat beast
   183 | D        | Noticed a tyrant
   184 | D        | Noticed a meat beast
   185 | D        | Noticed a meat beast
   189 | D        | Killed a meat beast
   242 | D        | Noticed a vile
   278 | D        | Noticed a vile
   280 | D        | Noticed a fleshlord
   293 | D        | Noticed a destroyer
   304 | D        | Noticed a dread
   305 | D        | Noticed a vile
   308 | D        | Noticed a dread
   308 | D        | Slain by a vile

Vault maps used:
D:        meatsprint

Skill      XL: |  1  2  3  4  5  6  7  8  9 10 11 12 13 14 15 16 17 18 19 20 21 22 23 24 |
---------------+-------------------------------------------------------------------------+-----
Fighting       | 19 22 24 27 | 27.0
Axes           | 5 7 9 14 20 27 | 27.0
Armour         | 19 22 24 27 | 27.0
Shields        | 21 24 25 27 | 27.0
Unarmed Combat | 9 11 12 15 18 24 27 | 27.0
Throwing       | 6 14 20 22 27 | 27.0
Dodging        | 6 13 18 21 25 27 | 27.0
Stealth        | 8 17 24 27 | 27.0
Spellcasting   | 6 14 20 23 27 | 27.0
Invocations    | 8 16 23 26 27 | 27.0

Action                   |  1- 3 |  4- 6 |  7- 9 | 10-12 | 13-15 | 16-18 | 19-21 | 22-24 | 25-27 || total
-------------------------+-------+-------+-------+-------+-------+-------+-------+-------+-------++-------
Melee: Executioner's axe |     1 |       |       |       |     1 |     3 |     7 |     4 |    18 ||    34
 Abil: Dig               |     1 |       |       |       |       |       |       |       |    15 ||    16
  Eat: Bread ration      |       |       |       |       |       |       |       |       |     1 ||     1
Armor: Scale mail        |       |       |       |       |       |       |       |       |     1 ||     1
Dodge: Dodged            |       |       |       |       |       |       |       |       |     2 ||     2
Block: Shield            |       |       |       |       |       |       |       |     2 |     6 ||     8
